 Dungeon Crawl Stone Soup version 0.16-a0-3329-g1e0feaa (webtiles) character file.

9320 Minkie the Bludgeoner (level 11, 79/83 HPs)
             Began as a Minotaur Fighter on Dec 27, 2014.
             Was a Believer of the Shining One.
             Quit the game on level 11 of the Dungeon.
             The game lasted 00:43:47 (10965 turns).

Minkie the Bludgeoner (Minotaur Fighter)           Turns: 10965, Time: 00:43:47

Health: 79/83      AC: 23    Str: 24    XL:     11   Next: 21%
Magic:  3/3        EV:  8    Int:  6    God:    the Shining One [**....]
Gold:   206        SH:  9    Dex: 14    Spells: 0 memorised, 10 levels left

rFire  . . .     SeeInvis .     R - +2 flail (protect)
rCold  . . .     Clarity  .     w - +0 plate armour
rNeg   + . .     SustAb   +     l - +3 buckler of Duty {Str+3 Curse} (curse)
rPois  .         Gourm    .     (helmet restricted)
rElec  .         Spirit   .     (no cloak)
rCorr  .         Warding  .     x - +0 pair of gloves (curse)
rMut   .         Stasis   .     (no boots)
MR     .....                    (no amulet)
Stlth  ..........               G - +3 ring of protection
                                a - ring of sustain abilities

@: glowing, not resistant to hostile enchantments, extremely unstealthy
A: retaliatory headbutt, horns 2, agile 1, low mp 1, shaggy fur 1, forlorn
a: Divine Shield, Renounce Religion


You were on level 11 of the Dungeon.
You worshipped the Shining One.
The Shining One was pleased with you.
You were not hungry.

You visited 2 branches of the dungeon, and saw 12 of its levels.

You collected 691 gold pieces.
You spent 485 gold pieces at shops.

Inventory:

Hand weapons
 R - a +2 flail of protection (weapon)
Missiles
 N - 6 steel javelins (quivered)
Armour
 l - the cursed +3 buckler of Duty (worn) {Str+3 Curse}
   (You bought it in a shop on level 11 of the Dungeon)

   It affects your strength (+3).
   It may recurse itself when equipped.
   It has a curse placed upon it.
 w - a +0 plate armour (worn)
 x - a cursed +0 pair of gloves (worn)
Jewellery
 a - a ring of sustain abilities (left hand)
 y - an uncursed amulet of resist mutation
 C - an uncursed ring of magical power
 G - a +3 ring of protection (right hand)
Magical devices
 k - a wand of teleportation (3)
 t - a wand of digging (11)
Scrolls
 f - 2 scrolls of immolation {unknown}
 i - 5 scrolls of enchant weapon {unknown}
 j - a scroll of recharging
 n - a scroll of blinking {unknown}
 q - 3 scrolls of remove curse
 s - a scroll of noise {unknown}
 A - 3 scrolls of teleportation
 E - 3 scrolls of fear {unknown}
 F - a scroll of random uselessness {unknown}
 I - a scroll of summoning {unknown}
 K - 3 scrolls of enchant armour
 L - a scroll of magic mapping {unknown}
 M - a scroll of fog {unknown}
 V - a scroll of amnesia {unknown}
Potions
 b - 4 potions of heal wounds
 e - 3 potions of might
 g - a potion of agility
 m - 3 potions of restore abilities
 r - 5 potions of curing
 v - 2 potions of magic
 z - a potion of brilliance
 D - a potion of lignification
 H - a potion of haste
 S - a potion of berserk rage {unknown}
Comestibles
 d - 10 bread rations
 h - 2 fruits
 o - 6 meat rations
 p - 9 slices of pizza
 u - 4 beef jerkies
 B - a royal jelly


   Skills:
 + Level 3.9 Fighting
 - Level 17.5 Maces & Flails
 * Level 6.8 Armour
 + Level 3.5 Dodging
 - Level 6.7 Shields


You had 10 spell levels left.
You didn't know any spells.

Dungeon Overview and Level Annotations

Branches:
Dungeon (11/15)            Temple (1/1) D:7            Lair (0/8) D:9
    Orc: D:9-12

Altars:
Ashenzari
Cheibriados
Dithmenos
Elyvilon
Fedhas
Gozag
Kikubaaqudgha
Makhleb
Nemelex Xobeh
Okawaru
Qazlal
Ru
Sif Muna
Trog
Vehumet
Xom
Yredelemnul
Zin
The Shining One

Shops:
D:7 ?   D:11 :[(

Annotations:
D:7 runed door, exclusion: 4 doors


Innate Abilities, Weirdness & Mutations

You reflexively headbutt those who attack you in melee.
You have a pair of horns on your head.
You are agile. (Dex +2)
Your magical capacity is low (-10% MP).
You are covered in fur (AC +1).
You have difficulty communicating with the divine.


Message History

Identify which item? (\ to view known items) (? for menu, Esc to quit)
As you read the scroll of identify, it crumbles to dust.
W - 2 potions of mutation Read which item? (? for menu, Esc to quit)
Identify which item? (\ to view known items) (? for menu, Esc to quit)
As you read the scroll of identify, it crumbles to dust.
H - a potion of haste Drink which item? (? for menu, Esc to quit)
You feel extremely strange. Fur sprouts all over your body.
You feel less energetic.
You feel agile.
Drink which item? (? for menu, Esc to quit)
You feel extremely strange.
You feel forlorn.
Your natural healing is strengthened.
Saving game... please wait.
Welcome back, Minkie the Minotaur Fighter.
The Shining One says: Lead the forces of light to victory!
Press ? for a list of commands and other information.
Use which ability? (? or * to list)
Okay, then.
Are you sure you want to abandon this character and quit the game? (Confirm with "yes".)

#..........#
#..
#..........#
#..
....##.....#
#.. .y.
#....∩####..#
#.. .
#...........#
#..
#...........#
#..
#.....####..#
#.. #.....#
..####.. #..
#@....#
#........ #..
#..##.#
#........
#... #..##.#
#.#####..
#...##..##.#
#..
#.....[.##.#
#.. #..##...#
. #.. # #.[[#
#.. #...# #..
#...# #..


There were no monsters in sight!

Vanquished Creatures
  2 hill giants
  A cyclops (D:11)
  An unseen horror (D:11)
  2 centaur skeletons
  A two-headed ogre (D:11)
  9 yaks
  A wyvern (D:10)
  A human (D:9)
  A hippogriff (D:10)
  A hog (D:9)
  Edmund (D:7)
  3 sky beasts
  5 ice beasts
  2 black bears
  An eye of draining (D:11)
  2 orc warriors
  8 ogres
  3 centaurs
  A crocodile (D:10)
  Duvessa (D:5)
  2 big kobolds (D:8)
  2 phantoms
  A gnoll sergeant (D:8)
  4 giant frogs
  A wyvern skeleton (D:9)
  3 scorpions
  A killer bee (D:11)
  6 wights
  3 goliath beetles
  4 crimson imps
  A jelly (D:9)
  Dowan (D:5)
  2 giant frog skeletons
  A quasit (D:9)
  A centaur zombie (D:7)
  A gnoll shaman (D:8)
  4 orc priests
  5 hounds
  9 orc wizards
  An iguana (D:8)
  6 worker ants
  3 sheep (D:9)
  Ijyb (D:2)
  Jessica (D:2)
  A hound zombie (D:5)
  Terence (D:2)
  A mummy (D:10)
  13 gnolls
  A worker ant zombie (D:8)
  17 adders
  A giant mite (D:8)
  2 shadow imps
  A worm (D:4)
  3 adder skeletons
  An adder zombie (D:8)
  7 giant geckos
  2 oozes
  38 orcs
  2 ball pythons
  12 bats
  A bat skeleton (D:5)
  10 giant cockroaches
  13 hobgoblins
  11 jackals
  24 kobolds
  3 quokkas
  13 giant newts
  10 goblins
  15 rats
  3 ballistomycetes (D:6)
317 creatures vanquished.

Vanquished Creatures (others)
  A giant spore (D:6)
1 creature vanquished.

Grand Total: 318 creatures vanquished

Notes
Turn   | Place    | Note
--------------------------------------------------------------
     0 | D:1      | Minkie, the Minotaur Fighter, began the quest for the Orb.
     0 | D:1      | Reached XP level 1. HP: 19/19 MP: 1/1
   126 | D:1      | Reached XP level 2. HP: 20/26 MP: 1/1
   544 | D:1      | Reached skill level 4 in Maces & Flails
   593 | D:1      | Reached XP level 3. HP: 31/31 MP: 2/2
   742 | D:2      | Noticed Jessica
   746 | D:2      | Killed Jessica
   771 | D:2      | Reached skill level 5 in Maces & Flails
   861 | D:2      | Reached XP level 4. HP: 28/39 MP: 2/2
  1157 | D:2      | Found a shimmering altar of Xom.
  1158 | D:2      | Found a snail-covered altar of Cheibriados.
  1195 | D:2      | Reached skill level 6 in Maces & Flails
  1303 | D:2      | Noticed Ijyb
  1312 | D:2      | Killed Ijyb
  1404 | D:2      | Reached XP level 5. HP: 45/45 MP: 2/2
  1701 | D:3      | Noticed Terence
  1730 | D:2      | Killed Terence
  2084 | D:3      | Reached skill level 7 in Maces & Flails
  2731 | D:3      | Found a shattered altar of Ashenzari.
  2855 | D:4      | Reached XP level 6. HP: 48/51 MP: 3/3
  2870 | D:4      | Found a sacrificial altar of Ru.
  3094 | D:4      | Reached skill level 8 in Maces & Flails
  3429 | D:4      | Found a white marble altar of Elyvilon.
  3649 | D:5      | Entered Level 5 of the Dungeon
  3719 | D:5      | Noticed Dowan
  3749 | D:5      | Noticed Duvessa
  3750 | D:5      | Killed Dowan
  3772 | D:5      | Killed Duvessa
  3772 | D:5      | Reached skill level 9 in Maces & Flails
  3772 | D:5      | Reached XP level 7. HP: 19/57 MP: 3/3
  3977 | D:5      | Found a shattered altar of Ashenzari.
  4121 | D:5      | Reached skill level 10 in Maces & Flails
  4428 | D:5      | Found an ancient bone altar of Kikubaaqudgha.
  4849 | D:5      | Found a blossoming altar of Fedhas.
  4887 | D:5      | Reached skill level 11 in Maces & Flails
  4919 | D:5      | Found a shadowy altar of Dithmenos.
  4977 | D:5      | Reached XP level 8. HP: 62/64 MP: 3/3
  5779 | D:6      | Reached skill level 12 in Maces & Flails
  5938 | D:7      | Found a basalt altar of Yredelemnul.
  6148 | D:7      | Found a staircase to the Ecumenical Temple.
  6191 | Temple   | Entered the Ecumenical Temple
  6225 | Temple   | Became a worshipper of the Shining One
  6446 | D:7      | Found a huge runed gate.
  6446 | D:7      | Noticed a griffon
  6447 | D:7      | Noticed a griffon
  6447 | D:7      | Found a huge runed gate.
  6447 | D:7      | Found a huge runed gate.
  6447 | D:7      | Found a huge runed gate.
  6447 | D:7      | Noticed a griffon
  6447 | D:7      | Noticed a polar bear
  6448 | D:7      | Noticed a polar bear
  6448 | D:7      | Noticed a polar bear
  6449 | D:7      | Noticed a griffon
  6456 | D:7      | Noticed a polar bear
  6461 | D:7      | Noticed a polar bear
  6492 | D:7      | Noticed Edmund
  6513 | D:7      | Killed Edmund
  6513 | D:7      | Reached skill level 13 in Maces & Flails
  6606 | D:7      | Found a burning altar of Makhleb.
  6678 | D:7      | Found Wadallit's Magic Scroll Emporium.
  6689 | D:7      | Bought a scroll of identify for 26 gold pieces
  6689 | D:7      | Bought a scroll of enchant armour for 97 gold pieces
  6689 | D:7      | Bought a scroll of teleportation for 39 gold pieces
  6823 | D:7      | Acquired the Shining One's first power
  7268 | D:7      | Reached XP level 9. HP: 57/70 MP: 4/4
  7502 | D:8      | Found an iron altar of Okawaru.
  7519 | D:8      | Reached skill level 14 in Maces & Flails
  7527 | D:8      | Gained mutation: Your muscles are strong. (Str +2) [mutagenic meat]
  7528 | D:8      | Gained mutation: You expend magic power (6 MP) to slightly strengthen your wands. [mutagenic meat]
  7550 | D:8      | Found a radiant altar of Vehumet.
  8318 | D:8      | Reached skill level 15 in Maces & Flails
  8490 | D:9      | Acquired the Shining One's second power
  8636 | D:9      | Found a shimmering altar of Xom.
  8652 | D:9      | Gained mutation: You have a pair of large horns on your head. [mutagenic meat]
  8653 | D:9      | Gained mutation: You heal slowly when monsters are visible. [mutagenic meat]
  8732 | D:9      | Reached skill level 16 in Maces & Flails
  8826 | D:9      | Reached XP level 10. HP: 77/77 MP: 4/4
  8913 | D:9      | Found a staircase to the Lair.
  8945 | D:9      | Noticed a hill giant
  8978 | D:9      | Killed a hill giant
  8986 | D:9      | Reached skill level 17 in Maces & Flails
  9183 | D:9      | Lost mutation: Your muscles are strong. (Str +2) [potion of cure mutation]
  9183 | D:9      | Lost mutation: You have a pair of large horns on your head. [potion of cure mutation]
  9183 | D:9      | Lost mutation: You expend magic power (6 MP) to slightly strengthen your wands. [potion of cure mutation]
  9271 | D:9      | Noticed a centaur skeleton
  9279 | D:9      | Killed a centaur skeleton
  9411 | D:10     | Entered Level 10 of the Dungeon
  9487 | D:10     | Noticed a hill giant
  9509 | D:10     | Killed a hill giant
  9509 | D:10     | Reached skill level 1 in Dodging
  9760 | D:10     | Reached skill level 5 in Armour
  9760 | D:10     | Reached skill level 5 in Shields
 10237 | D:11     | Noticed a cyclops
 10246 | D:11     | Killed a cyclops
 10484 | D:11     | Reached XP level 11. HP: 76/82 MP: 4/4
 10662 | D:11     | Found Skufuxke's Weapon Shoppe.
 10691 | D:11     | Found an iron altar of Okawaru.
 10875 | D:11     | Found Giascheir's Antique Armour Emporium.
 10882 | D:11     | Found Damakid's Book Shop.
 10890 | D:11     | Bought a translucent buckler for 323 gold pieces
 10900 | D:11     | Identified the +3 buckler of Duty {Str+3 Curse} (You bought it in a shop on level 11 of the Dungeon)
 10924 | D:11     | Noticed an unseen horror
 10940 | D:11     | Killed an unseen horror
 10963 | D:11     | Gained mutation: You are covered in fur (AC +1). [potion of mutation]
 10963 | D:11     | Gained mutation: Your magical capacity is low (-10% MP). [potion of mutation]
 10963 | D:11     | Gained mutation: You are agile. (Dex +2) [potion of mutation]
 10964 | D:11     | Gained mutation: You have difficulty communicating with the divine. [potion of mutation]
 10964 | D:11     | Lost mutation: You heal slowly when monsters are visible. [potion of mutation]
 10965 | D:11     | Quit the game

Action                   |  1- 3 |  4- 6 |  7- 9 | 10-12 || total
-------------------------+-------+-------+-------+-------++-------
Melee: Flail             |    81 |   357 |   450 |   224 ||  1112
       Morningstar       |       |       |    52 |       ||    52
  Use: Potion            |       |     4 |       |     3 ||     7
       Scroll            |       |     1 |     6 |     5 ||    12
  Eat: Chunk             |       |    10 |    21 |     7 ||    38
